 Dungeon Crawl Stone Soup version 0.20-a0-521-ga778aa9 (webtiles) character file.

13030 theclanless the Nimble (level 11, -5/52 HPs)
             Began as a Spriggan Gladiator on Jan 26, 2017.
             Was an Elder of Ieoh Jian.
             Slain by an ice devil (10 damage)
             ... on level 1 of the Lair of Beasts.
             The game lasted 00:45:33 (10346 turns).

theclanless the Nimble (Spriggan Gladiator)        Turns: 10346, Time: 00:45:33

Health: -5/52      AC:  7    Str: 11    XL:     11   Next: 70%
Magic:  18/18      EV: 31    Int: 10    God:    Ieoh Jian [****..]
Gold:   485        SH:  0    Dex: 18    Spells: 6/10 levels left

rFire    . . .     SeeInvis +   a - +5 scimitar
rCold    + . .     Gourm    .   n - +0 robe
rNeg     . . .     Faith    .   (shield restricted)
rPois    +         Spirit   .   x - +2 hat
rElec    +         Reflect  .   h - +2 cloak {+Inv}
rCorr    .         Harm     .   (gloves unavailable)
MR       ++...                  (boots unavailable)
Stlth    +++++.....             (no amulet)
Regen    0.2/turn               P - ring of protection from magic
                                F - ring of protection from cold

@: very quick
A: unfitting armour, see invisible, herbivore 3, speed 3, frail 1, poison
resistance, screaming 1, electricity resistance, slow metabolism 2, weak 1
a: Serpent's Lash, Renounce Religion, Evoke Invisibility


You were on level 1 of the Lair of Beasts.
You worshipped Ieoh Jian.
Ieoh Jian was greatly pleased with you.
You were not hungry.

You visited 3 branches of the dungeon, and saw 14 of its levels.

You collected 686 gold pieces.
You spent 201 gold pieces at shops.

Inventory:

Hand Weapons
 a - a +5 scimitar (weapon)
 b - a +1 dagger of speed
 I - a +1 long sword
 J - a +2 dagger of flaming
 M - a +1 dagger of draining
 U - a +2 dagger of electrocution
Missiles
 d - a throwing net (quivered)
 D - 2 tomahawks
Armour
 h - a +2 cloak of invisibility (worn)
 n - a +0 robe (worn)
 x - a +2 hat (worn)
 C - a +0 buckler
Jewellery
 z - an uncursed ring of fire
 F - a ring of protection from cold (left hand)
 H - an uncursed ring of fire
 P - a ring of protection from magic (right hand)
Wands
 g - a wand of random effects (28/48)
 q - a wand of confusion (11/48)
 v - a wand of polymorph (4/24)
 y - a wand of random effects (16/48)
 E - a wand of clouds (8/9)
 R - a wand of disintegration (6/24)
 S - a wand of polymorph (12/24)
 V - a wand of confusion (28/48)
 Y - a wand of flame (19/48)
 Z - a wand of flame (16/48)
Scrolls
 e - 4 scrolls of fog
 j - 15 scrolls of teleportation
 p - 3 scrolls of fear
 u - a scroll of recharging
 G - 3 scrolls of blinking
 K - 7 scrolls of identify
 L - 4 scrolls of remove curse
 N - 2 scrolls of enchant armour
Potions
 c - a potion of lignification
 i - a potion of brilliance
 k - a potion of curing
 l - 4 potions of might
 m - 2 potions of flight
 o - 4 potions of heal wounds
 s - a potion of cure mutation
 w - a potion of haste
 A - a potion of invisibility
 B - a potion of cancellation
 O - a potion of magic
Comestibles
 f - 6 bread rations


   Skills:
 + Level 6.4 Fighting
 * Level 8.9 Long Blades
 - Level 2.0 Throwing
 * Level 14.3 Dodging
 + Level 10.4 Stealth
   Level 1.7 Invocations
 + Level 9.2 Evocations


You had 6 spell levels left.
You knew the following spells:

 Your Spells              Type           Power        Failure   Level  Hunger
a - Repel Missiles        Chrm/Air       #.....       61%         2    ###....
b - Blink                 Tloc           N/A          61%         2    ###....


Dungeon Overview and Level Annotations

Branches:
Dungeon (12/15)            Temple (1/1) D:4            Lair (1/6) D:9
    Orc (0/2) D:9

Altars:
Ashenzari
Cheibriados
Dithmenos
Elyvilon
Fedhas
Gozag
Hepliaklqana Ieoh Jian
Kikubaaqudgha
Makhleb
Nemelex Xobeh
Okawaru
Qazlal
Ru
Sif Muna
Trog
Uskayaw
Vehumet
Xom
Yredelemnul
Zin
The Shining One

Shops:
D:9 ?

Portals:
Ice
Cave: Lair:1


Innate Abilities, Weirdness & Mutations

You are very small and have problems with some larger weapons.
You are too small for most types of armour.
You have supernaturally acute eyesight. (SInv)
You are a herbivore.
You cover ground extremely quickly.
You need consume almost no food.
You are frail. (-10% HP)
Your system is resistant to poisons. (rPois)
You occasionally shout uncontrollably at your foes.
You are resistant to electric shocks. (rElec)
You are weak. (Str -2)


Message History

You spin and strike the ice devil.
You closely miss the ice devil.
The ice devil is moderately wounded.
You spin and strike the ice devil.
You slash the ice devil!
The ice devil is heavily wounded.
The ice devil hits you! The ice devil freezes you! You resist.
You spin and strike the ice devil.
You hit the ice devil but do no damage.
The ice devil is heavily wounded.
You spin and strike the ice devil.
You barely miss the ice devil.
The ice devil is heavily wounded.
The ice devil completely misses you.
You spin and strike the ice devil.
You slash the ice devil!
The ice devil is almost dead.
The ice devil hits you. The ice devil freezes you. You resist.
* * * LOW HITPOINT WARNING * * *
You hit the ice devil but do no damage.
The ice devil is almost dead.
The ice devil hits you!
* * * LOW HITPOINT WARNING * * *
The ice devil freezes you! You resist.
You die...

*,,,,,,,,,,,,*
*,,,,,,,,,,,,*
*,,,>,,,>,,,,*
**,**,*,,***,* *********
*** ###*** #...,*#####
### #....##.+.#
###.####### #∩....4@#.#
##..(....%:<
#....##.'.###...........
#...,*###...[...........
###*** ######..........
*** ##.#...#### *,*
#....## *,* #..### *,*
#.## *,** #.# ###


You could see an ice devil.

Vanquished Creatures
  A centaur warrior (D:10)
  A two-headed ogre (D:10)
  2 unseen horrors
  An ugly thing (D:11)
  Joseph (D:9)
  A guardian serpent (D:11)
  A gargoyle (D:11)
  An ice devil (Lair:1)
  A troll (D:12)
  A hornet (D:11)
  A hippogriff (D:12)
  Sigmund (D:2)
  A wyvern (D:11)
  A human (D:8)
  4 yaks (D:9)
  4 hogs (D:8)
  A steam dragon (D:11)
  A vampire mosquito (D:8)
  2 hungry ghosts
  Edmund (D:5)
  3 wargs (D:9)
  Duvessa (D:7)
  A water moccasin (Lair:1)
  6 orc warriors
  3 porcupines (D:9)
  A sky beast (D:4)
  2 black bears
  2 ice beasts
  4 ogres
  4 phantoms
  4 centaurs
  4 big kobolds
  9 bullfrogs
  Dowan (D:7)
  2 scorpions (D:4)
  5 killer bees (D:8)
  4 howler monkeys
  4 crimson imps
  2 centaur zombies
  A bullfrog zombie (D:7)
  6 hounds
  2 jellies
  3 bullfrog skeletons
  4 orc priests
  2 centaur skeletons
  Ijyb (D:2)
  Jessica (D:2)
  An iguana (D:6)
  Natasha (thrice) (D:2)
  11 orc wizards
  8 worker ants
  A killer bee zombie (D:6)
  2 hound zombies
  A howler monkey zombie (D:5)
  A worker ant zombie (D:7)
  10 adders
  A shadow imp (D:11)
  An ooze (D:4)
  An adder skeleton (D:8)
  An adder zombie (D:6)
  2 worms (D:4)
  2 dart slugs
  9 leopard geckos
  43 orcs
  2 ball pythons
  6 giant cockroaches
  16 goblins
  2 hobgoblins (D:2)
  17 jackals
  16 kobolds
  4 quokkas
  2 bats
  2 frilled lizards
  A jackal zombie (D:5)
  A leopard gecko skeleton (D:7)
  3 rats
280 creatures vanquished.

Vanquished Creatures (others)
  7 fungi (D:9)
  A plant (D:9)
8 creatures vanquished.

Grand Total: 288 creatures vanquished

Notes
Turn   | Place    | Note
-------+----------+-------------------------------------------
     0 | D:1      | theclanless the Spriggan Gladiator began the quest for the Orb.
     0 | D:1      | Reached XP level 1. HP: 10/10 MP: 2/2
   351 | D:1      | Reached XP level 2. HP: 15/15 MP: 3/3
   756 | D:2      | Reached skill level 1 in Stealth
   782 | D:2      | Noticed Jessica
   792 | D:2      | Killed Jessica
   792 | D:2      | Reached XP level 3. HP: 6/18 MP: 4/4
  1058 | D:2      | Noticed Sigmund
  1070 | D:2      | Killed Sigmund
  1070 | D:2      | Reached skill level 5 in Dodging
  1070 | D:2      | Reached skill level 1 in Evocations
  1070 | D:2      | Reached XP level 4. HP: 23/23 MP: 4/6
  1070 | D:2      | Reached XP level 5. HP: 28/28 MP: 4/7
  1327 | D:2      | Noticed Ijyb
  1391 | D:2      | Killed Ijyb
  1466 | D:2      | Noticed Natasha
  1476 | D:2      | Killed Natasha
  1476 | D:2      | Reached XP level 6. HP: 20/32 MP: 8/8
  1673 | D:2      | Noticed Natasha
  1683 | D:2      | Killed Natasha
  1683 | D:2      | Reached skill level 6 in Dodging
  1730 | D:2      | Noticed Natasha
  1741 | D:2      | Killed Natasha
  2195 | D:4      | Found a radiant altar of Vehumet.
  2199 | D:4      | Found a blossoming altar of Fedhas.
  2201 | D:4      | Found a bloodstained altar of Trog.
  2444 | D:4      | Found a staircase to the Ecumenical Temple.
  2456 | Temple   | Entered the Ecumenical Temple
  2463 | Temple   | Became a worshipper of Elyvilon the Healer
  2868 | D:5      | Entered Level 5 of the Dungeon
  3075 | D:5      | Noticed a sky beast
  3094 | D:4      | Killed a sky beast
  3094 | D:4      | Reached skill level 1 in Invocations
  3094 | D:4      | Reached XP level 7. HP: 21/36 MP: 10/10
  3252 | D:5      | Reached skill level 7 in Dodging
  3740 | D:5      | Reached * piety under Elyvilon
  4069 | D:5      | Found an ornate altar of the Ieoh Jian Council.
  4074 | D:5      | Fell from the grace of Elyvilon
  4074 | D:5      | Became a worshipper of The Ieoh Jian Council
  4175 | D:6      | Reached XP level 8. HP: 24/42 MP: 12/12
  4314 | D:6      | Noticed Edmund
  4350 | D:5      | Killed Edmund
  4350 | D:5      | Reached skill level 8 in Dodging
  4350 | D:5      | Reached skill level 5 in Stealth
  5190 | D:6      | Reached skill level 5 in Long Blades
  5325 | D:6      | Found an opulent altar of Gozag.
  5399 | D:6      | Reached skill level 5 in Evocations
  5448 | D:6      | Gained mutation: You are resistant to electric shocks. (rElec) [potion of mutation]
  5448 | D:6      | Gained mutation: You are agile. (Dex +2) [potion of mutation]
  5448 | D:6      | Gained mutation: You are frail. (-10% HP) [potion of mutation]
  5449 | D:6      | Gained mutation: You are weak. (Str -2) [potion of mutation]
  5449 | D:6      | Gained mutation: Your body sometimes deteriorates upon taking damage. [potion of mutation]
  5449 | D:6      | Gained mutation: You occasionally shout uncontrollably at your foes. [potion of mutation]
  5450 | D:6      | Lost mutation: Your body sometimes deteriorates upon taking damage. [potion of mutation]
  5450 | D:6      | Gained mutation: Your system is resistant to poisons. (rPois) [potion of mutation]
  5450 | D:6      | Lost mutation: You are agile. (Dex +2) [potion of mutation]
  5907 | D:7      | Reached * piety under Ieoh Jian
  5907 | D:7      | Reached skill level 9 in Dodging
  6127 | D:7      | Reached XP level 9. HP: 40/41 MP: 14/14
  6177 | D:7      | Noticed Dowan
  6178 | D:7      | Noticed Duvessa
  6196 | D:7      | Killed Duvessa
  6209 | D:7      | Killed Dowan
  6326 | D:7      | Reached ** piety under Ieoh Jian
  6349 | D:7      | Identified a scroll of acquirement
  6725 | D:8      | Reached skill level 10 in Dodging
  6778 | D:8      | Found a sacrificial altar of Ru.
  6944 | D:8      | Reached skill level 5 in Fighting
  7107 | D:8      | Reached skill level 11 in Dodging
  7460 | D:8      | Reached *** piety under Ieoh Jian
  7460 | D:8      | Reached XP level 10. HP: 31/45 MP: 14/16
  7722 | D:9      | Found Lumn's Magic Scroll Emporium.
  7725 | D:9      | Bought a scroll of enchant weapon for 97 gold pieces
  7725 | D:9      | Bought a scroll of identify for 26 gold pieces
  7725 | D:9      | Bought 3 scrolls of identify for 78 gold pieces
  7947 | D:9      | Reached skill level 12 in Dodging
  7974 | D:9      | Found a staircase to the Orcish Mines.
  8211 | D:9      | Found a hazy altar of Hepliaklqana.
  8272 | D:9      | Found a staircase to the Lair.
  8275 | D:9      | Noticed Joseph
  8311 | D:9      | Killed Joseph
  8605 | D:10     | Entered Level 10 of the Dungeon
  8698 | D:10     | Noticed a centaur warrior
  8715 | D:10     | Killed a centaur warrior
  8715 | D:10     | Reached skill level 13 in Dodging
  8736 | D:10     | Noticed a two-headed ogre
  8758 | D:10     | Killed a two-headed ogre
  8758 | D:10     | Reached **** piety under Ieoh Jian
  8758 | D:10     | Reached XP level 11. HP: 37/50 MP: 18/18
  8836 | D:10     | Learned a level 2 spell: Blink
  9000 | D:10     | Noticed an unseen horror
  9006 | D:10     | Killed an unseen horror
  9461 | D:11     | Reached skill level 10 in Stealth
  9792 | D:11     | Noticed an unseen horror
  9811 | D:11     | Killed an unseen horror
  9920 | D:11     | Noticed a white ugly thing
  9934 | D:11     | Killed a white ugly thing
  9934 | D:11     | Reached skill level 14 in Dodging
 10164 | D:12     | Learned a level 2 spell: Repel Missiles
 10278 | Lair:1   | Entered Level 1 of the Lair of Beasts
 10330 | Lair:1   | Found a frozen archway.
 10346 | Lair:1   | Slain by an ice devil

Vault maps used:
D:1:      dpeg_arrival_leaves_temple_mockup, grunt_decor_fettered
D:2:      kennysheep_the_goblin_king, uniq_natasha, uniq_sigmund, uniq_jessica
D:4:      grunt_temple_overflow_open, first_bread, kennysheep_minor_cross,
          minmay_misc_feat_four_crosses, fountainhead
D:5:      kennysheep_little_box
D:6:      grunt_gozag_statues, st_stairs_13, uniq_edmund
D:7:      uniq_duvessa
D:8:      minmay_cornered_nines, nicolae_ru_great_annihilating_truth,
          grunt_livestock
D:9:      kennysheep_mini_moat, grunt_lair_entry_orc_guard_hut,
          minmay_orc_entry_guard_dogs, serial_shops,
          nicolae_shop_window_shopping, uniq_joseph
D:11:     nrook_guardian_serpent_double
D:12:     serial_shops, shop, minmay_statues_item
Temple:   nicolae_temple_no_exploring_needed
Lair:1:   portal_ice_cave_demonic_guard

Skill      XL: |  1  2  3  4  5  6  7  8  9 10 11 |
---------------+----------------------------------+-----
Fighting       | 2 3 4 5 6 |  6.4
Stealth        | 1 3 4 6 7 9 10 | 10.4
Long Blades    | 3 4 5 6 8 |  8.9
Dodging        | 5 6 7 9 11 13 14 | 14.3
Evocations     | 1 2 3 4 5 6 8 9 |  9.2
Invocations    | 1 |  1.7
Throwing       | |  2.0

Action                   |  1- 3 |  4- 6 |  7- 9 | 10-12 || total
-------------------------+-------+-------+-------+-------++-------
Melee: Long sword        |    27 |   137 |   198 |       ||   362
       Dagger            |     2 |    14 |    36 |     7 ||    59
       Scimitar          |       |       |   265 |   408 ||   673
Throw: Throwing net      |       |       |     3 |       ||     3
Evoke: Wand              |     3 |    16 |    23 |     7 ||    49
  Use: Scroll            |     7 |     6 |    13 |    11 ||    37
       Potion            |       |       |     4 |     1 ||     5
 Stab: Sleeping          |     1 |     7 |     9 |     6 ||    23
       Confused          |     4 |     2 |       |     5 ||    11
       Distracted        |       |     1 |     2 |     1 ||     4
       Held in net/web   |       |       |     2 |       ||     2
       Paralysed         |       |       |     2 |       ||     2
       Invisible         |       |       |     1 |       ||     1
  Eat: Pizza             |       |       |     1 |       ||     1
       Bread ration      |       |       |     1 |       ||     1
       Royal jelly       |       |       |       |     1 ||     1
Armor: Robe              |     1 |    16 |    28 |    10 ||    55
Dodge: Dodged            |    28 |   123 |   472 |   256 ||   879
       Rpst.: Long sword |     8 |    47 |    68 |       ||   123
       Scimitar          |       |       |    74 |    85 ||   159
